 Dungeon Crawl Stone Soup version 0.21.1-1-g345015f (webtiles) character file.

46 sking99 the Sneak (level 3, -5/16 HPs)
             Began as a Spriggan Enchanter on June 24, 2018.
             Slain by keltmir's ghost (13 damage)
             ... on level 3 of the Dungeon.
             The game lasted 00:06:21 (2038 turns).

sking99 the Sneak (Spriggan Enchanter)              Turns: 2038, Time: 00:06:22

Health: -5/16      AC:  2    Str:  4    XL:     3   Next: 46%
Magic:  2/8        EV: 18    Int: 17    God:
Gold:   39         SH:  0    Dex: 16    Spells: 2/8 levels left

rFire    . . .     SeeInvis +   a - +1 dagger
rCold    . . .     Gourm    .   (shield restricted)
rNeg     . . .     Faith    .   b - +0 robe
rPois    .         Spirit   .   (helmet restricted)
rElec    .         Reflect  .   (no cloak)
rCorr    .         Harm     .   (gloves unavailable)
MR       .....                  (boots unavailable)
Stlth    +++.......             (no amulet)
HPRegen  0.05/turn              (no ring)
MPRegen  0.11/turn              (no ring)

@: very quick
A: very small, unfitting armour, see invisible, herbivore, speed 3, slow
metabolism 2
a: no special abilities


You were on level 3 of the Dungeon.
You were very hungry.

You visited 1 branch of the dungeon, and saw 3 of its levels.

You collected 39 gold pieces.

Inventory:

Hand Weapons
 a - a +1 dagger (weapon)
Armour
 b - a +0 robe (worn)
Jewellery
 f - a cursed ring of teleportation {unknown}
Scrolls
 e - 3 scrolls of identify {unknown}
 g - a scroll of random uselessness {unknown}
 i - a scroll of amnesia {unknown}
Potions
 h - a potion of haste {unknown}
 j - a potion of ambrosia {unknown}
 k - a potion of magic {unknown}
Books
 c - a book of Maledictions

   Spells                             Type                      Level
   a - Corona                         Hexes                        1
   b - Ensorcelled Hibernation        Hexes/Ice                    2
   c - Confuse                        Hexes                        3
   d - Tukima's Dance                 Hexes                        3
   e - Dazzling Spray                 Conjuration/Hexes            3
Comestibles
 d - 5 rations


   Skills:
 - Level 1.1 Short Blades
 - Level 3.0 Dodging
 + Level 5.1 Stealth
 + Level 3.3 Spellcasting
 + Level 4.2 Hexes
 * Level 1.1 Ice Magic


You had 2 spell levels left.
You knew the following spells:

 Your Spells              Type           Power        Failure   Level  Hunger
a - Ensorcelled Hibernat  Hex/Ice        ##....       9%          2    ##.....
b - Corona                Hex            ###....      3%          1    None
c - Confuse               Hex            ###.....     9%          3    ###....


Dungeon Overview and Level Annotations

Branches:
Dungeon (3/15)

Altars:

Annotations:
D:2 Sigmund
D:3 Terence; keltmir's ghost, amateur HOFi


Innate Abilities, Weirdness & Mutations

You are very small and have problems with some larger weapons.
You are too small for most types of armour.
You have supernaturally acute eyesight. (SInv)
You are a herbivore.
You cover ground extremely quickly.
You need consume almost no food.


Message History

Keltmir's ghost barely misses you.
There is a stone staircase leading up here.
Keltmir's ghost keens inconsolably.
You hit keltmir's ghost but do no damage.
Keltmir's ghost is heavily damaged.
Keltmir's ghost completely misses you.
You hit keltmir's ghost but do no damage.
Keltmir's ghost is heavily damaged.
Keltmir's ghost hits you.
You hit keltmir's ghost.
Keltmir's ghost is heavily damaged.
Keltmir's ghost hits you.
You barely miss keltmir's ghost.
Keltmir's ghost is heavily damaged.
Keltmir's ghost closely misses you.
You hit keltmir's ghost but do no damage.
Keltmir's ghost is heavily damaged.
Keltmir's ghost hits you!
Ouch! That really hurt!
You die...

####### #..<..#####
#.........#
#######.........#
........)...†...##
######W@.........#
#...............#
#.....#####.........#
#..## #............#
. #####............#
...........#####.#
#..........# .#
..#..##..### #
.........#


You could see keltmir's ghost.

Vanquished Creatures
  An ooze (D:1)
  2 worms (D:2)
  A leopard gecko (D:2)
  A ball python (D:1)
  3 bats
  4 giant cockroaches
  7 goblins
  3 hobgoblins
  2 jackals (D:2)
  A quokka (D:2)
  3 frilled lizards
  A kobold (D:1)
  4 rats
33 creatures vanquished.

Notes
Turn   | Place    | Note
-------+----------+-------------------------------------------
     0 | D:1      | sking99 the Spriggan Enchanter began the quest for the Orb.
     0 | D:1      | Reached XP level 1. HP: 9/9 MP: 5/5
   516 | D:1      | Reached XP level 2. HP: 11/13 MP: 5/7
   520 | D:1      | Learned a level 2 spell: Ensorcelled Hibernation
  1203 | D:2      | Reached skill level 5 in Stealth
  1435 | D:2      | Reached XP level 3. HP: 16/16 MP: 3/8
  1550 | D:2      | Noticed Sigmund
  1688 | D:2      | Reached skill level 1 in Ice Magic
  1944 | D:3      | Noticed Terence
  1998 | D:3      | Noticed keltmir's ghost (amateur HOFi)
  2008 | D:2      | Learned a level 3 spell: Confuse
  2038 | D:3      | Slain by keltmir's ghost

Skill      XL: |  1  2  3 |
---------------+----------+-----
Spellcasting   | 3 |  3.3
Hexes          | 4 |  4.2
Stealth        | 5 |  5.1
Ice Magic      | 1 |  1.1
Short Blades   | |  1.1
Dodging        | |  3.0

Action                   || total
-------------------------++-------
Melee: Dagger            ||   133
 Cast: Corona            ||     9
       Ensorcelled Hiber ||    29
       Confuse           ||     2
 Stab: Sleeping          ||    21
       Confused          ||     2
Armor: Robe              ||     8
Dodge: Dodged            ||   100
